 Dungeon Crawl Stone Soup version 0.30-a0-860-g512cf1e979 (webtiles) character file.

Game seed: 9948076588529328615

38493 boopmooplesden the Severer (level 13, -1/123 HPs)
             Began as a Minotaur Fighter on Mar 7, 2023.
             Was a High Priest of Trog.
             Engulfed by a cloud of freezing vapour (10 damage)
             ... on level 2 of the Abyss.
             The game lasted 00:21:17 (14890 turns).

boopmooplesden the Severer (Minotaur Fighter)      Turns: 14890, Time: 00:21:18

Health: -1/123     AC: 20    Str: 26    XL:     13   Next: 64%
Magic:  12/12      EV: 13    Int:  5    God:    Trog [*****.]
Gold:   743        SH: 14    Dex: 10    Spells: 12/12 levels left

rFire   + . .      SeeInvis .    p - +1 broad axe (vamp)
rCold   + . .      Faith    .    A - +2 kite shield {rN+}
rNeg    + . .      Spirit   .    n - +2 plate armour {rC+}
rPois   .          Reflect  .    (helmet restricted)
rElec   .          Rampage  +    t - +0 cloak
rCorr   .                        (no gloves)
Will    .....                    N - +0 pair of boots {rampage} Stlth
                                 (no amulet)
HPRegen 0.40/turn                l - +5 ring of evasion
MPRegen 0.13/turn                k - ring of protection from fire

@: no status effects
A: horns 2, retaliatory headbutt
a: Renounce Religion, Berserk, Trog's Hand, Brothers in Arms


You were on level 2 of the Abyss.
You worshipped Trog.
Trog was extremely pleased with you.
You visited 1 branch of the dungeon, and saw 15 of its levels.
You visited the Abyss 1 time.

You collected 1086 gold pieces.
You spent 343 gold pieces at shops.

Inventory:

Hand Weapons
 a - a +1 war axe
 p - a +1 vampiric broad axe (weapon)
 L - a +1 heavy war axe
 U - the +6 flail of Fotughown {holy, Fragile Dex+2 SInv}
   (You found it on level 11 of the Dungeon)

   Dex:       It affects your dexterity (+2).
   SInv:      It lets you see invisible.
   Fragile:   It will be destroyed if unequipped.
Missiles
 V - 2 throwing nets (quivered)
Armour
 b - a +0 scale mail
 c - a +0 buckler
 n - a +2 plate armour of cold resistance (worn)
 t - a +0 cloak (worn)
 u - a +0 chain mail
 A - a +2 kite shield of positive energy (worn)
 C - the +4 leather armour "Hefakkeh" {Str+3}
   (You found it on level 4 of the Dungeon)

   Str:       It affects your strength (+3).
 N - a +0 pair of boots of rampaging (worn)
Jewellery
 g - a ring of positive energy
 k - a ring of protection from fire (right hand)
 l - a +5 ring of evasion (left hand)
 m - an amulet of guardian spirit
 o - a +6 ring of strength
 D - a +4 ring of protection
 I - an amulet of magic regeneration
 J - a ring of see invisible
 K - a ring of positive energy
 M - a +6 ring of dexterity
 R - a +6 ring of strength
 Y - a ring of ice
 Z - a ring of poison resistance
Wands
 r - a wand of flame (8)
 v - a wand of polymorph (14)
 x - a wand of paralysis (7)
 H - a wand of digging (8)
 Q - a wand of iceblast (3)
 X - a wand of light (1)
Scrolls
 i - 4 scrolls of identify
 j - 2 scrolls of poison
 w - 2 scrolls of blinking
 y - 2 scrolls of noise
 F - 2 scrolls of fear
 G - a scroll of magic mapping
 S - a scroll of fog
 T - a scroll of enchant armour
Potions
 d - 3 potions of might
 e - 3 potions of curing
 f - 4 potions of brilliance
 h - 5 potions of flight
 q - 2 potions of ambrosia
 s - 2 potions of lignification
 z - a potion of mutation
 B - 2 potions of magic
 E - 2 potions of cancellation
 P - 2 potions of haste
Miscellaneous
 O - a condenser vane
 W - a piece from Xom's chessboard (15/15)


   Skills:
 + Level 13.6 Fighting
 + Level 19.4 Axes
 + Level 12.4 Armour
 + Level 4.9 Dodging
 + Level 2.9 Stealth
 + Level 14.3 Shields


You had 12 spell levels left.
You didn't know any spells.
Your spell library contained the following spells:

 Spells                   Type           Power      Damage    Failure   Level
 Magic Dart               Conj           0%         1d3       100%        1
 Searing Ray              Conj           0%         2d4       100%        2
 Hailstorm                Conj/Ice       0%         3d3       100%        3
 Fulminant Prism          Conj/Hex       0%         3d5       100%        4
 Ice Form                 Ice/Tmut       0%         N/A       100%        4
 Simulacrum               Ice/Necr       0%         N/A       100%        6


Dungeon Overview and Level Annotations

Branches:
Dungeon (15/15)            Temple (0/1) D:7            Lair (0/5) D:9
    Orc (0/2) D:11         Vaults (0/5) D:14
 Depths: D:15

Altars:
Fedhas
Gozag
Hepliaklqana
Okawaru
Qazlal
Ru
Sif Muna
Trog
Uskayaw
Yredelemnul
Zin

Shops:
D:2 [(([   D:4 :!   D:9 ?

Portals:
Abyss: D:8

Annotations:
D:8 2 transporters, baller8008's ghost, novice DECj


Innate Abilities, Weirdness & Mutations

You have a pair of horns on your head.
You reflexively headbutt those who attack you in melee.


Message History

The air twists around and strikes you!
You barely miss the blizzard demon.
The blizzard demon is heavily wounded.
The blizzard demon gestures at you. The bolt of lightning hits you!
* * * LOW HITPOINT WARNING * * *
You hear a shout!
You closely miss the blizzard demon.
The blizzard demon is heavily wounded.
The blizzard demon gestures at you. The bolt of cold hits you. You resist.
* * * LOW HITPOINT WARNING * * *
You barely miss the blizzard demon.
The blizzard demon is moderately wounded.
The blizzard demon hits you!
* * * LOW HITPOINT WARNING * * *
The blizzard demon hits you.
* * * LOW HITPOINT WARNING * * *
You slash the blizzard demon!
The blizzard demon is heavily wounded.
You slash the blizzard demon!
The blizzard demon is severely wounded.
The blizzard demon gestures at you. The bolt of cold misses you.
You slash the blizzard demon! You headbutt the blizzard demon.
The blizzard demon is almost dead.
The blizzard demon gestures at you. The freezing blast engulfs you! You resist.
* * * LOW HITPOINT WARNING * * *
Unknown command.
You slash the blizzard demon!
You kill the blizzard demon!
Trog accepts your kill.
You are engulfed in freezing vapours.
You resist.
* * * LOW HITPOINT WARNING * * *
A wretched star comes into view.
You are engulfed in freezing vapours.
You resist.
* * * LOW HITPOINT WARNING * * *
You feel better.
You are engulfed in freezing vapours.
You resist.
You die...

# .##..#. . .#
.#...#..#....#
#.#......#..# #
#....#...#.#. ##
#.......#.##..
..##....#..... #
......°°#...##..
#...○#○#°###.#.#
#.*.°°○@##.##.#
...###°###.∩.#.#
###.##.##...
#.#####.# ..####
# ..## #..# ..#


You could see a wretched star.

Vanquished Creatures
  Kirke (D:12)
  Nessos (D:13)
  A blizzard demon (Abyss:2)
  A yaktaur captain (D:14)
  2 hydras
  3 centaur warriors
  A boulder beetle (D:13)
  4 two-headed ogres
  2 tengu warriors (D:15)
  Nergalle (D:11)
  A wretched star (Abyss:2)
  4 skeletal warriors (D:11)
  A wizard (D:15)
  A golden dragon skeleton (Abyss:2)
  5 deep elf pyromancers
  A deep elf zephyrmancer (D:15)
  14 ugly things
  3 manticores
  An orange demon (Abyss:2)
  2 gargoyles
  A komodo dragon (D:13)
  2 ice devils (D:13)
  3 tengu conjurers (D:15)
  2 yaktaurs (D:14)
  A freezing wraith (D:14)
  2 hornets
  A hellwing (Abyss:2)
  Prince Ribbit (D:9)
  A troll (D:12)
  A polar bear (D:13)
  A blink frog (shapeshifter) (D:15)
  3 slime creatures (D:13)
  A centaur simulacrum (D:13)
  A water elemental (D:13)
  2 shadows (D:9)
  6 yaks
  5 wyverns
  Grum (D:9)
  2 wraiths
  2 large abominations (Abyss:2)
  2 basilisks
  13 vampire mosquitoes
  A steam dragon (D:6)
  The ghost of Lobster4 the Grave Robber, an amateur GnWn (D:3)
  2 acid dragons
  3 water moccasins (D:8)
  6 orc warriors
  A sky beast (D:7)
  2 black bears
  The ghost of Demosthentine the Ducker, an amateur DsGl (D:3)
  3 wolves (D:9)
  13 centaurs
  2 kobold brigands
  A gnoll sergeant (D:11)
  4 scorpions
  A bullfrog (D:8)
  2 electric eels
  7 howler monkeys
  A jelly (D:5)
  6 hounds
  15 orc priests
  2 gnoll boudas
  3 sleepcaps
  3 iguanas (D:6)
  8 orc wizards
  27 gnolls
  14 adders
  A shadow imp (D:7)
  2 white imps
  An ufetubus (D:5)
  3 worms
  A dart slug (D:3)
  38 orcs
  7 endoplasms
  3 giant cockroaches
  12 goblins
  4 hobgoblins
  22 kobolds
  3 quokkas
  8 ball pythons
  6 bats
  A frilled lizard (D:3)
  3 rats
348 creatures vanquished.

Vanquished Creatures (others)
  3 humans (D:12)
  A kobold brigand (D:8)
  An ufetubus (Abyss:2)
  3 fungi (D:9)
  7 plants (D:9)
  4 withered plants (D:3)
19 creatures vanquished.

Grand Total: 367 creatures vanquished

Notes
Turn   | Place    | Note
-------+----------+-------------------------------------------
     0 | D:1      | boopmooplesden the Minotaur Fighter began the quest for the
                  | Orb.
     0 | D:1      | Reached XP level 1. HP: 19/19 MP: 0/0
   184 | D:1      | Found a faded altar of an unknown god.
   260 | D:1      | Reached XP level 2. HP: 26/27 MP: 1/1
   810 | D:2      | Found Woinem's Armour Shop.
   870 | D:2      | Reached XP level 3. HP: 33/33 MP: 2/2
   874 | D:2      | Found Gumu's Weapon Shoppe.
   908 | D:2      | Found a bloodstained altar of Trog.
   924 | D:2      | Reached skill level 3 in Axes
  1023 | D:2      | Found Uvioggef's Antique Weapon Shoppe.
  1420 | D:2      | Found Ikieg's Armour Boutique.
  1542 | D:3      | Found a basalt altar of Yredelemnul.
  1570 | D:3      | Reached XP level 4. HP: 41/41 MP: 3/3
  1708 | D:3      | Found a runed translucent gate.
  1708 | D:3      | Found a runed translucent gate.
  1711 | D:3      | Found a runed translucent gate.
  1713 | D:3      | Noticed Demosthentine's ghost (amateur DsGl)
  1713 | D:3      | Noticed Lobster4's ghost (amateur GnWn)
  1981 | D:3      | Found a hazy altar of Hepliaklqana.
  2422 | D:4      | Identified the +4 leather armour "Hefakkeh" {Str+3}
  2483 | D:4      | Reached XP level 5. HP: 44/47 MP: 4/4
  2490 | D:4      | Reached skill level 4 in Axes
  2658 | D:4      | Found Kusoescha's Book Emporium.
  2685 | D:4      | Reached skill level 5 in Axes
  2716 | D:4      | Found Wuilag's Distillery.
  2764 | D:4      | Noticed a centaur
  2773 | D:4      | Killed a centaur
  2774 | D:4      | Reached skill level 5 in Fighting
  2774 | D:4      | Reached skill level 6 in Axes
  2774 | D:4      | Reached skill level 1 in Dodging
  2774 | D:4      | Reached XP level 6. HP: 39/56 MP: 5/5
  2917 | D:4      | Found a hide-covered altar of Uskayaw.
  3492 | D:5      | Entered Level 5 of the Dungeon
  3500 | D:5      | Reached skill level 7 in Axes
  3522 | D:5      | Reached skill level 5 in Shields
  3522 | D:5      | Reached XP level 7. HP: 61/61 MP: 6/6
  3543 | D:5      | Reached skill level 8 in Axes
  3705 | D:5      | Reached skill level 9 in Axes
  3705 | D:5      | Reached skill level 1 in Stealth
  3707 | D:5      | Found a shimmering blue altar of Sif Muna.
  3759 | D:5      | Found an opulent altar of Gozag.
  3759 | D:5      | Found an iron altar of Okawaru.
  3761 | D:5      | Found a sacrificial altar of Ru.
  3875 | D:2      | Became a worshipper of Trog the Wrathful
  3952 | D:3      | Killed Lobster4's ghost
  3959 | D:3      | Killed Demosthentine's ghost
  3960 | D:3      | Reached skill level 10 in Axes
  3960 | D:3      | Reached XP level 8. HP: 56/70 MP: 7/7
  4063 | D:2      | Bought a +0 vampiric broad axe for 182 gold pieces
  4423 | D:5      | Found a blossoming altar of Fedhas.
  4425 | D:5      | Found a glowing silver altar of Zin.
  4830 | D:6      | Reached skill level 11 in Axes
  4833 | D:6      | Reached skill level 5 in Armour
  5303 | D:6      | Identified a scroll of acquirement
  5303 | D:6      | Acquired a +2 plate armour of cold resistance
  5464 | D:7      | Reached skill level 12 in Axes
  5498 | D:7      | Reached * piety under Trog
  5505 | D:7      | Reached XP level 9. HP: 55/78 MP: 8/8
  5616 | D:7      | Found a stormy altar of Qazlal.
  5762 | D:7      | Found a staircase to the Ecumenical Temple.
  5779 | D:7      | Reached skill level 13 in Axes
  6206 | D:8      | Noticed a two-headed ogre
  6212 | D:8      | Killed a two-headed ogre
  6213 | D:8      | Reached skill level 14 in Axes
  6384 | D:8      | Noticed a gargoyle
  6397 | D:8      | Reached skill level 15 in Axes
  6401 | D:8      | Killed a gargoyle
  6633 | D:8      | Found a transporter.
  6651 | D:8      | Noticed a toenail golem
  6663 | D:8      | Found a transporter.
  6669 | D:8      | Found a one-way gate to the infinite horrors of the Abyss.
  6669 | D:8      | Noticed baller8008's ghost (novice DECj)
  6932 | D:9      | Found a staircase to the Lair.
  6941 | D:8      | Reached XP level 10. HP: 88/88 MP: 9/9
  6948 | D:8      | Reached skill level 16 in Axes
  6956 | D:8      | Paralysed by a hornet for 1 turns
  6958 | D:8      | Reached ** piety under Trog
  7210 | D:9      | Noticed Prince Ribbit
  7219 | D:9      | Noticed Grum
  7222 | D:9      | Killed Prince Ribbit
  7232 | D:9      | Killed Grum
  7234 | D:9      | Reached skill level 17 in Axes
  7440 | D:9      | Noticed a two-headed ogre
  7450 | D:9      | Killed a two-headed ogre
  7817 | D:9      | Found Ompaoxoc's Magic Scroll Emporium.
  7998 | D:2      | Bought a +0 pair of boots of rampaging for 161 gold pieces
  8228 | D:10     | Entered Level 10 of the Dungeon
  8228 | D:10     | Noticed a two-headed ogre
  8237 | D:10     | Killed a two-headed ogre
  8238 | D:10     | Reached XP level 11. HP: 85/97 MP: 10/10
  8389 | D:10     | Noticed a two-headed ogre
  8395 | D:10     | Killed a two-headed ogre
  9425 | D:11     | Noticed Nergalle
  9431 | D:11     | Reached *** piety under Trog
  9444 | D:11     | Killed Nergalle
  9445 | D:11     | Reached skill level 10 in Shields
  9588 | D:11     | Found a staircase to the Orcish Mines.
  9590 | D:11     | Identified the +6 flail of Fotughown {holy, Fragile Dex+2
                  | SInv}
  9619 | D:11     | Noticed a skeletal warrior
  9620 | D:11     | Noticed a skeletal warrior
  9621 | D:11     | Noticed a skeletal warrior
  9635 | D:11     | Killed a skeletal warrior
  9636 | D:11     | Reached skill level 18 in Axes
  9636 | D:11     | Noticed a skeletal warrior
  9864 | D:11     | Reached skill level 10 in Fighting
  9911 | D:11     | Noticed a red ugly thing
  9920 | D:11     | Killed a red ugly thing
  9954 | D:11     | Killed a skeletal warrior
  9962 | D:11     | Killed a skeletal warrior
  9970 | D:11     | Killed a skeletal warrior
 10346 | D:11     | Identified the +4 ring mail of Disguise {rPois SInv}
 10716 | D:12     | Noticed a deep elf pyromancer
 10724 | D:12     | Noticed a white ugly thing
 10725 | D:12     | Killed a deep elf pyromancer
 10726 | D:12     | Reached skill level 10 in Armour
 10740 | D:12     | Killed a white ugly thing
 10741 | D:12     | Reached XP level 12. HP: 108/108 MP: 11/11
 10837 | D:12     | Reached **** piety under Trog
 10892 | D:12     | Noticed a centaur warrior
 10903 | D:12     | Killed a centaur warrior
 11041 | D:12     | Noticed Kirke
 11058 | D:12     | Killed Kirke
 11588 | D:13     | Noticed Nessos
 11592 | D:13     | Noticed a four-headed hydra
 11848 | D:12     | Killed a nine-headed hydra
 12067 | D:13     | Noticed a boulder beetle
 12085 | D:13     | Killed a boulder beetle
 12551 | D:13     | Killed Nessos
 12980 | D:13     | Identified the +2 dagger of Ru's Grace {pain, Will+}
 13070 | D:13     | Noticed a centaur warrior
 13078 | D:13     | Killed a centaur warrior
 13347 | D:14     | Noticed a centaur warrior
 13351 | D:14     | Killed a centaur warrior
 13365 | D:14     | Noticed a yaktaur captain
 13384 | D:14     | Killed a yaktaur captain
 13388 | D:14     | Found a gate to the Vaults.
 13463 | D:14     | Reached XP level 13. HP: 119/119 MP: 12/12
 13698 | D:14     | Reached skill level 19 in Axes
 14063 | D:15     | Entered Level 15 of the Dungeon
 14711 | Abyss:2  | Cast into level 2 of the Abyss (a wizard)
 14739 | Abyss:2  | Reached ***** piety under Trog
 14846 | Abyss:2  | Noticed a blizzard demon
 14888 | Abyss:2  | Killed a blizzard demon
 14889 | Abyss:2  | HP: 2/123 [something (6)]
 14890 | Abyss:2  | Engulfed by a cloud of freezing vapour

Illustrated notes

Levels and vault maps discovered:
D:1:      dpeg_arrival_leaves_temple_mockup, layout_loops_ring,
          dilly_ecumenical_altar_fadedgnrine, minmay_misc_feat_encased
D:2:      layout_rooms, serial_shops, nicolae_diamond_shop,
          nicolae_lakefront_shop, shop, nicolae_shop_behind_doors, basic_altar,
          minivault_5
D:3:      layout_loops_ring, mainiacjoe_overflow_24_doors,
          worldfamousw_hep_ancestral_shrine, gammafunk_ghost_cemetery
D:4:      layout_basic, eat_drink_and_be_merry_uskayaw, serial_shops,
          nicolae_shop_statue_plus, shop, minmay_manual_monolith
D:5:      layout_basic, nicolae_overflow_hidden_temple,
          mainiacjoe_overflow_alcove_3, minmay_checkerbox
D:6:      layout_loops_cross
D:7:      layout_cave_pools, nicolae_qazlal_general_emergency,
          minmay_temple_entry_steel_oval, nicolae_lava_and_water
D:8:      layout_loops_cross, gammafunk_ghost_abyssal_escape, serial_glass,
          glass_columns_b, glass_columns_b, glass_columns_b, glass_columns_a
D:9:      layout_irregular_city, minmay_lair_entry_grove, serial_shops, shop,
          uniq_grum, uniq_prince_ribbit1
D:10:     layout_grid_maze
D:11:     layout_roguey, erik_orc_4, uniq_nergalle
D:12:     layout_basic, uniq_kirke
D:13:     layout_loops_ring, portal_ice_cave_demonic_guard, serial_ice,
          serial_ice_l, serial_ice_n, serial_ice_m, serial_ice_g, uniq_nessos
D:14:     layout_loops_ring, david_vaults_2, kennysheep_decorative_pillar
D:15:     grunt_enter_depths_magical_seal, layout_small_grid,
          nicolae_ru_the_path_less_chosen, wad_scary_box
Abyss:2:  base: D:12, lemuel_flamethrower_3, lemuel_flamethrower_3,
          evilmike_abyss_exit_glass, evilmike_abyss_exit_glass

Skill      XL: |  1  2  3  4  5  6  7  8  9 10 11 12 13 |
---------------+----------------------------------------+-----
Fighting       | 4 5 6 7 9 10 12 13 | 13.6
Armour         | 4 5 6 8 10 11 12 | 12.4
Axes           | 3 6 7 10 12 15 17 18 19 | 19.4
Shields        | 4 5 6 8 9 10 13 14 | 14.3
Dodging        | 1 2 3 4 |  4.9
Stealth        | 1 2 |  2.9

Action                     |  1- 3 |  4- 6 |  7- 9 | 10-12 | 13-15 || total
---------------------------+-------+-------+-------+-------+-------++-------
  Melee: War axe           |    63 |   110 |    61 |       |       ||   234
         Headbutt          |     8 |    13 |    39 |    90 |    61 ||   211
         Broad axe         |       |       |   155 |   462 |   236 ||   853
 Invoke: Berserk           |       |       |     1 |     6 |     1 ||     8
    Use: Scroll            |       |     9 |     9 |     9 |     1 ||    28
         Potion            |       |       |       |     1 |     1 ||     2
   Stab: Sleeping          |       |       |     1 |       |       ||     1
 Armour: Scale mail        |    26 |       |       |       |       ||    26
         Chain mail        |       |    14 |       |       |       ||    14
         Leather armour    |       |    27 |    18 |       |       ||    45
         Plate armour      |       |       |    49 |   229 |    86 ||   364
  Dodge: Dodged            |    41 |    83 |   144 |   208 |    81 ||   557
  Block: Buckler           |    17 |     3 |       |       |       ||    20
         Kite shield       |       |    63 |   124 |   332 |   142 ||   661

Table legend: (Time is in decaauts)
 A = Elapsed time spent in this place.
 B = Non-inter-level travel time spent in this place.
 C = Inter-level travel time spent in this place.
 D = Time resting spent in this place.
 E = Time spent auto-exploring this place.
 F = Levels seen in this place.
 G = Mean time per level.
                   A        B        C        D        E       F      G
               +--------+--------+--------+--------+--------+-----+--------+
         Total |  14949 |  14178 |    771 |   1803 |   9350 |  16 |  934.3 |
       Dungeon |  14782 |  14011 |    771 |   1803 |   9350 |  15 |  985.5 |
         Abyss |    167 |    167 |      0 |      0 |      0 |   1 |  167.0 |
               +--------+--------+--------+--------+--------+-----+--------+

Top non-repeatable levels by time:
    D:13: 1420 daAuts
    D:11: 1333 daAuts
    D:12: 1226 daAuts
     D:3: 1173 daAuts
     D:4: 1168 daAuts
    D:10: 1100 daAuts
     D:8: 986 daAuts
     D:9: 901 daAuts
     D:6: 874 daAuts
     D:5: 853 daAuts
     D:2: 838 daAuts
     D:1: 821 daAuts
    D:14: 738 daAuts
     D:7: 723 daAuts
    D:15: 622 daAuts
